 Dungeon Crawl Stone Soup version 0.17.1-3-g152610e (webtiles) character file.

245 Jerry the Caller (level 5, 0/35 HPs)
             Began as a Mummy Wizard on Mar 3, 2016.
             Slain by MixedWithMadness's ghost (7 damage)
             ... on level 4 of the Dungeon.
             The game lasted 00:37:04 (4557 turns).

Jerry the Caller (Mummy Wizard)                     Turns: 4557, Time: 00:37:04

Health: 0/35       AC:  2    Str: 10    XL:     5   Next: 83%
Magic:  0/9        EV: 12    Int: 18    God:
Gold:   155        SH:  0    Dex: 11    Spells: 2 memorised, 5 levels left

rFire  x . .     SeeInvis .     i - +0 whip
rCold  + . .     Clarity  .     a - +0 robe
rNeg   + + +     SustAt   .     (no shield)
rPois  ∞         Gourm    .     b - +0 hat
rElec  .         Spirit   .     (no cloak)
rCorr  .         Warding  .     (no gloves)
rMut   .         Stasis   .     (no boots)
MR     .....                    (no amulet)
Stlth  ++........               (no ring)
                                (no ring)

@: not resistant to hostile enchantments, unstealthy
A: no food or potions, fire vulnerability, cold resistance 1, negative energy
resistance 3, torment resistance, unbreathing
a: no special abilities


You were on level 4 of the Dungeon.
You were not hungry.

You visited 1 branch of the dungeon, and saw 4 of its levels.

You collected 155 gold pieces.

Inventory:

Hand Weapons
 e - a +0 club
 f - a +0 short sword
 i - a +0 whip (weapon)
Armour
 a - a +0 robe (worn)
 b - a +0 hat (worn)
Scrolls
 d - 2 scrolls of magic mapping
 g - 3 scrolls of identify
 h - 2 scrolls of recharging
 j - 2 scrolls of remove curse
 k - a scroll of amnesia
Books
 c - a book of Minor Magic

   Spells                             Type                      Level
   a - Magic Dart                     Conjuration                  1
   b - Blink                          Translocation                2
   c - Call Imp                       Summoning                    2
   d - Repel Missiles                 Charms/Air                   2
   e - Slow                           Hexes                        2
   f - Conjure Flame                  Conjuration/Fire             3
   g - Mephitic Cloud                 Conjuration/Poison/Air       3


   Skills:
 - Level 2.2 Dodging
 - Level 1.5 Stealth
 - Level 3.0 Spellcasting
 + Level 1.3 Conjurations
 + Level 4.0 Summonings
   Level 0.7 Translocations
 + Level 0.8 Air Magic
 + Level 1.0 Poison Magic


You had 5 spell levels left.
You knew the following spells:

 Your Spells              Type           Power        Failure   Level  Hunger
a - Mephitic Cloud        Conj/Pois/Air  #.......     34%         3    N/A
b - Call Imp              Summ           ###.....     6%          2    N/A

Dungeon Overview and Level Annotations

Branches:
Dungeon (4/15)
 Temple: D:4-7

Altars:
Fedhas
Gozag
Qazlal
Xom
Zin
The Shining One

Annotations:
D:3 MixedWithMadness's ghost, weakling DsAK
D:4 MixedWithMadness's ghost, amateur DsAK


Innate Abilities, Weirdness & Mutations

You do not eat or drink.
Your flesh is vulnerable to fire.
You are immune to poison.
Your flesh is cold resistant.
You are immune to negative energy.
You are immune to unholy pain and torment.
You can survive without breathing.


Message History

MixedWithMadness's ghost hits you.
You hit MixedWithMadness's ghost but do no damage.
MixedWithMadness's ghost is almost destroyed.
Your crimson imp blinks!
MixedWithMadness's ghost hits you!
You hit MixedWithMadness's ghost but do no damage.
MixedWithMadness's ghost is almost destroyed.
MixedWithMadness's ghost hits you.
* * * LOW HITPOINT WARNING * * *
Your crimson imp blinks!
MixedWithMadness's ghost barely misses you.
Your crimson imp disappears in a puff of smoke!
MixedWithMadness's ghost hits you.
* * * LOW HITPOINT WARNING * * *
You see here 13 gold pieces.
Casting: Call Imp
Confirm with . or Enter, or press ? or * to list all spells.
A beastly little devil appears in a puff of frigid air.
MixedWithMadness's ghost hits you!
You die...

#.######## #........# .#.
#.######.#### ... #.# #......
#.. ..###### #.# #...... ...
.......######.#####.##### ##.#
#..W@5........#.#
#.#...#####.$##.....###.#.#
....#........##.....###[#.#####
..###........'.........†......
....#........##......##.#......
......#####......)...##.#######
..#### #.................... .
#...........#.#######
#...........#.# ..


You could see MixedWithMadness's ghost and a friendly white imp.

Vanquished Creatures
  2 gnolls (D:4)
  4 worms
  2 giant geckos
  3 ball pythons
  A bat (D:1)
  2 giant cockroaches (D:1)
  A goblin (D:2)
  5 hobgoblins
  3 kobolds
  A giant newt (D:1)
  2 jackals (D:1)
  8 rats
34 creatures vanquished.

Vanquished Creatures (collateral kills)
  An ogre (D:4)
  A scorpion (D:3)
  An orc priest (D:3)
  2 orc wizards (D:3)
  A worker ant (D:4)
  2 gnolls (D:4)
  6 adders
  A shadow imp (D:4)
  An ooze (D:4)
  A worm (D:3)
  A giant gecko (D:2)
  4 orcs (D:3)
  4 giant cockroaches
  7 hobgoblins
  3 jackals (D:3)
  4 kobolds
  2 ball pythons (D:3)
  2 bats
  A giant newt (D:2)
  A goblin (D:3)
  6 rats (D:3)
52 creatures vanquished.

Grand Total: 86 creatures vanquished

Notes
Turn   | Place    | Note
--------------------------------------------------------------
     0 | D:1      | Jerry the Mummy Wizard began the quest for the Orb.
     0 | D:1      | Reached XP level 1. HP: 13/13 MP: 4/4
   517 | D:1      | Reached XP level 2. HP: 19/19 MP: 1/6
   521 | D:1      | Learned a level 2 spell: Call Imp
   551 | D:1      | Reached skill level 1 in Summonings
  1502 | D:2      | Found a blossoming altar of Fedhas.
  1574 | D:2      | Reached XP level 3. HP: 18/24 MP: 3/7
  2082 | D:2      | Found a shimmering altar of Xom.
  2269 | D:2      | Reached XP level 4. HP: 8/30 MP: 3/8
  2621 | D:2      | Noticed a fire elemental
  2641 | D:2      | Found a stormy altar of Qazlal.
  2646 | D:2      | Noticed a water elemental
  2646 | D:2      | Noticed an earth elemental
  2646 | D:2      | Noticed an air elemental
  2755 | D:2      | Learned a level 3 spell: Mephitic Cloud
  3034 | D:3      | Found a glowing golden altar of the Shining One.
  3085 | D:3      | Reached XP level 5. HP: 33/35 MP: 4/9
  3178 | D:3      | Noticed MixedWithMadness's ghost (weakling DsAK)
  3648 | D:3      | Found an opulent altar of Gozag.
  3648 | D:3      | Found a glowing silver altar of Zin.
  3846 | D:4      | Reached skill level 1 in Conjurations
  4223 | D:4      | Noticed an ogre
  4228 | D:4      | Killed an ogre
  4228 | D:4      | Reached skill level 4 in Summonings
  4377 | D:4      | Reached skill level 1 in Poison Magic
  4451 | D:4      | Noticed MixedWithMadness's ghost (amateur DsAK)
  4557 | D:4      | Slain by MixedWithMadness's ghost

Action                   |  1- 3 |  4- 6 || total
-------------------------+-------+-------++-------
Melee: Unarmed           |    14 |       ||    14
       Short sword       |    33 |       ||    33
       Whip              |    62 |    51 ||   113
 Cast: Magic Dart        |    25 |       ||    25
       Call Imp          |    24 |    51 ||    75
  Use: Scroll            |     2 |     4 ||     6
 Stab: Distracted        |       |     1 ||     1
